 Dungeon Sprint DCSS version 0.31-a0-325-g067879e3d3 (webtiles) character file.

Game seed: 17152413462769584419

114030 HallandMoats the Slayer (level 16, -26/163 HPs)
             Began as a Demonspawn Monk on July 19, 2023.
             Was the Champion of Qazlal.
             Annihilated by an iron golem (27 damage)
             ... in the Dungeon (Sprint V: "Ziggurat Sprint").
             The game lasted 00:17:38 (1839 turns).

HallandMoats the Slayer (Demonspawn Monk)           Turns: 1839, Time: 00:17:38

Health: -26/163    AC: 40    Str: 25    XL:     16   Next: 15%
Magic:  0/31       EV: 13    Int: 18    God:    Qazlal [******]
Gold:   0          SH: 44    Dex: 17    Spells: 15/15 levels left

rFire   + . .        B - +16 obsidian axe {drain, demonic, Mesm Drain Fly SInv}
rCold   + . .        C - +18 shield of the Gong {Loud rN+ Will+ rCorr EV-5}
rNeg    + + .        k - +9 gold dragon scales
rPois   +            (no helmet)
rElec   +            (no cloak)
rCorr   +            O - +1 pair of gloves {hurl}
SInv    +            N - +3 pair of seven-league boots {Rampage+∞}
Will    +++..        I - amulet of Kidi Duet {Spirit Will+ Slay+5} Stlth
                     v - ring of Moippe {rElec rN+ Str+7 Int+6 Stlth-}
HPRegen 0.47/turn    b - +4 ring of slaying
MPRegen 0.22/turn

%: no teleportation, repel missiles, guardian spirit, rampage+∞
@: agile, protected from physical damage, flying, mesmerised, studying Staves,
unable to drink
A: claws 2, large bone plates 1, foul stench 1, powered by pain 3, inability to
drink after injury 1
a: Renounce Religion, Upheaval, Elemental Force, Disaster Area


You were in the Dungeon.
You worshipped Qazlal.
Qazlal was exalted by your worship.
You visited 1 branch

Inventory:

Hand Weapons
 o - the +5 scythe "Finisher" {speed, execute}
   (You found it in the Dungeon)
 B - the +16 obsidian axe (weapon) {drain, demonic, Mesm Drain Fly SInv}
   (You found it in the Dungeon)

   Mesm:      Its wielder is mesmerised by any visible foes, and it cannot be
   unequipped while any foes are visible.
   SInv:      It lets you see invisible.
   Fly:       It grants you flight.
   Drain:     It drains your maximum health when unequipped.
 H - the +2 Maxwell's thermic engine {flame, freeze, rev}
   (You found it in the Dungeon)
 J - the +8 frozen axe "Frostbite" {freeze, freezing cloud, *Noise Fly rC+}
   (You took it off a fire giant in the Dungeon)

   rC:        It protects you from cold.
   Fly:       It grants you flight.
   *Noise:    It may make noises in combat.
 T - the +8 autumn katana {manifold assault}
   (You found it in the Dungeon)
Armour
 k - +9 gold dragon scales (worn)
 C - the +18 shield of the Gong (worn) {Loud rN+ Will+ rCorr EV-5}
   (You found it in the Dungeon)

   Loud:      It is deafeningly noisy when blocking attacks.
   EV:        It affects your evasion (-5).
   rN:        It protects you from negative energy.
   rCorr:     It protects you from acid and corrosion.
   Will:      It increases your willpower.
 D - the +1 robe of Vines {NoPotionHeal Regen++++}
   (You found it in the Dungeon)

   NoPotionHeal: Its wearer cannot be healed by potions.
   Regen:     It increases your rate of health regeneration.
 K - a +1 pair of boots of stealth
 N - the +3 pair of seven-league boots (worn) {Rampage+∞}
   (You acquired it in the Dungeon)

   Rampage+∞: When moving toward enemies, its wearer moves as far as possible,
   alerting their target en route.
 O - a +1 pair of gloves of hurling (worn)
 Q - the crystal ball of Wucad Mu {*channel}
   (You found it in the Dungeon)

   *Channel:  It often returns the magic spent to cast spells, but lowers their
   success rate.
   It always returns the magic spent on miscasts.
Magical Staves
 V - the staff "Annom" {rF+ rC+ Str+5 Ice}
   (You found it in the Dungeon)

   [staff of cold]

   Base accuracy: +5 Base damage: 5 Base attack delay: 1.2 This weapon's minimum
   attack delay (0.6) is reached at skill level 12.
   Str:       It affects your strength (+5).
   rF:        It protects you from fire.
   rC:        It protects you from cold.
   Ice:       It increases the power of your Ice spells.
   It falls into the 'Staves' category.
   It is a one-handed weapon.
Jewellery
 b - a +4 ring of slaying (right hand)
 d - the ring of the Mage {Wiz Archmagi}
   (You found it in the Dungeon)

   [ring of wizardry]

   It improves your spell success rate.
   Archmagi:  It increases the power of your magical spells.
 v - the ring of Moippe (left hand) {rElec rN+ Str+7 Int+6 Stlth-}
   (You found it in the Dungeon)

   [ring of intelligence]

   Str:       It affects your strength (+7).
   Int:       It affects your intelligence (+6).
   rElec:     It insulates you from electricity.
   rN:        It protects you from negative energy.
   Stlth:     It makes you less stealthy.
 w - the ring "Piymper" {rPois rN+ EV+5 Int+3 Dex-5}
   (You found it in the Dungeon)

   [ring of evasion]

   EV:        It affects your evasion (+5).
   Int:       It affects your intelligence (+3).
   Dex:       It affects your dexterity (-5).
   rPois:     It protects you from poison.
   rN:        It protects you from negative energy.
 F - the ring "Qoyph" {Fire rN+ Str+4 Dex+4}
   (You found it in the Dungeon)

   [ring of fire]

   It enhances your fire magic.
   Str:       It affects your strength (+4).
   Dex:       It affects your dexterity (+4).
   rF:        It protects you from fire.
   rC:        It makes you vulnerable to cold.
   rN:        It protects you from negative energy.
 G - the ring "Abapril" {rElec rPois rC- rN+ rCorr}
   (You found it in the Dungeon)

   [ring of positive energy]

   rC:        It makes you vulnerable to cold.
   rElec:     It insulates you from electricity.
   rPois:     It protects you from poison.
   rN:        It protects you from negative energy.
   rCorr:     It protects you from acid and corrosion.
 I - the amulet of Kidi Duet (around neck) {Spirit Will+ Slay+5}
   (You found it in the Dungeon)

   [amulet of guardian spirit]

   It causes incoming damage to be divided between your reserves of health and
   magic.
   Slay:      It affects your accuracy & damage with ranged weapons and melee
   (+5).
   Will:      It increases your willpower.
 M - the ring of Kudogi {+Blink rElec Will++ MP+9 Str+6}
   (You found it in the Dungeon)

   [ring of strength]

   Str:       It affects your strength (+6).
   rElec:     It insulates you from electricity.
   MP:        It affects your magic capacity (+9).
   +Blink:    It lets you blink.
   Will:      It greatly increases your willpower.
 P - the amulet "Naisehit" {Spirit +Inv rN+ Dex+3}
   (You found it in the Dungeon)

   [amulet of guardian spirit]

   It causes incoming damage to be divided between your reserves of health and
   magic.
   Dex:       It affects your dexterity (+3).
   rN:        It protects you from negative energy.
   +Inv:      It lets you turn invisible.
 R - the ring of the Tortoise {AC+8}
   (You found it in the Dungeon)

   [ring of protection]

   AC:        It affects your AC (+8).
 U - the ring "Yriajum" {Ice rCorr Str+3 Int+3}
   (You found it in the Dungeon)

   [ring of ice]

   It enhances your ice magic.
   Str:       It affects your strength (+3).
   Int:       It affects your intelligence (+3).
   rF:        It makes you vulnerable to fire.
   rC:        It protects you from cold.
   rCorr:     It protects you from acid and corrosion.
Wands
 a - a wand of roots (19)
 x - a wand of mindburst (11)
 y - a wand of acid (16)
 z - a wand of charming (35)
 A - a wand of polymorph (16)
 E - a wand of flame (34)
 L - a wand of digging (5)
Scrolls
 j - 4 scrolls of blinking
 q - 4 scrolls of amnesia
 r - 8 scrolls of fog
 s - 5 scrolls of identify
 t - a scroll of fear
 S - a scroll of brand weapon
Potions
 c - a potion of ambrosia
 e - 9 potions of curing
 f - 2 potions of heal wounds
 g - a potion of haste
 h - 5 potions of magic
 i - 3 potions of berserk rage
 l - 2 potions of brilliance
 m - a potion of invisibility
 n - 4 potions of resistance
 p - 2 potions of might
Miscellaneous
 u - a phantom mirror


   Skills:
 * Level 25.4 Fighting
 * Level 23.0 Axes
 + Level 17.1 Armour
 + Level 17.3 Dodging
 + Level 16.4 Shields
 + Level 23.0 Invocations


You had 15 spell levels left.
You didn't know any spells.
Your spell library contained the following spells:

 Spells                   Type           Power      Damage    Failure   Level
 Apportation              Tloc           0%         N/A       99%         1
 Freeze                   Ice            0%         1d3       99%         1
 Kiss of Death            Conj/Necr      0%         2d5       99%         1
 Magic Dart               Conj           0%         1d3       99%         1
 Necrotise                Necr           0%         1d4       99%         1
 Shock                    Conj/Air       0%         1d3       99%         1
 Slow                     Hex            0%         N/A       99%         1
 Sting                    Tmut/Pois      0%         1d3       99%         1
 Summon Small Mammal      Summ           0%         N/A       99%         1
 Call Imp                 Summ           0%         N/A       100%        2
 Cigotuvi's Dreadful Rot  Necr/Pois/Air  0%         N/A       100%        2
 Ensorcelled Hibernation  Hex/Ice        0%         N/A       100%        2
 Passwall                 Tmut/Erth      0%         N/A       100%        2
 Poisonous Vapours        Pois/Air       0%         N/A       100%        2
 Scorch                   Fire           0%         2d5       100%        2
 Static Discharge         Conj/Air       0%         2-2/arc   100%        2
 Call Canine Familiar     Summ           0%         N/A       100%        3
 Confusing Touch          Hex            0%         N/A       100%        3
 Dazzling Flash           Conj/Hex       0%         N/A       100%        3
 Frozen Ramparts          Ice            0%         1d1       100%        3
 Hailstorm                Conj/Ice       0%         3d3       100%        3
 Mephitic Cloud           Conj/Pois/Air  0%         N/A       100%        3
 Ozocubu's Armour         Ice            0%         N/A       100%        3
 Portal Projectile        Hex/Tloc       0%         N/A       100%        3
 Stone Arrow              Conj/Erth      0%         3d7       100%        3
 Summon Guardian Golem    Hex/Summ       0%         N/A       100%        3
 Swiftness                Air            0%         N/A       100%        3
 Teleport Other           Tloc           0%         N/A       100%        3
 Tukima's Dance           Hex            0%         N/A       100%        3
 Vampiric Draining        Necr           0%         2d6       100%        3
 Airstrike                Air            0%         2d(0-16)  100%        4
 Anguish                  Hex/Necr       0%         N/A       100%        4
 Animate Armour           Summ/Erth      0%         N/A       100%        4
 Animate Dead             Necr           0%         N/A       100%        4
 Dispel Undead            Necr           0%         3d6       100%        4
 Flame Wave               Conj/Fire      0%         2d4       100%        4
 Iskenderun's Mystic Bla  Conj/Tloc      0%         2d3       100%        4
 Leda's Liquefaction      Hex/Erth       0%         N/A       100%        4
 Olgreb's Toxic Radiance  Pois           0%         N/A       100%        4
 Agony                    Necr           0%         N/A       100%        5
 Alistair's Intoxication  Tmut/Pois      0%         N/A       100%        5
 Borgnjor's Vile Clutch   Necr/Erth      0%         N/A       100%        5
 Iskenderun's Battlesphe  Conj           0%         2d6       100%        5
 Metabolic Englaciation   Hex/Ice        0%         N/A       100%        5
 Silence                  Hex/Air        0%         N/A       100%        5
 Summon Forest            Summ/Tloc      0%         N/A       100%        5
 Summon Mana Viper        Hex/Summ       0%         N/A       100%        5
 Death Channel            Necr           0%         N/A       100%        6
 Eringya's Noxious Bog    Tmut/Pois      0%         4d6       100%        6
 Leda's Unmaking          Conj/Erth      0%         9d1       100%        6
 Plasma Beam              Fire/Air       0%         2x1d10    100%        6
 Summon Cactus Giant      Summ           0%         N/A       100%        6
 Haunt                    Necr/Summ      0%         N/A       100%        7
 Orb of Destruction       Conj           0%         9d5       100%        7
 Ozocubu's Refrigeration  Ice            0%         4d7       100%        7
 Spellforged Servitor     Conj/Summ      0%         N/A       100%        7
 Summon Hydra             Summ           0%         N/A       100%        7
 Borgnjor's Revivificati  Necr           0%         N/A       100%        8
 Lehudib's Crystal Spear  Conj/Erth      0%         10d2      100%        8
 Death's Door             Necr           0%         N/A       100%        9
 Dragon's Call            Summ           0%         N/A       100%        9


Dungeon Overview and Level Annotations

Branches:
Dungeon (1/1)

Altars:
Ashenzari
Cheibriados
Dithmenos
Fedhas
Gozag
Hepliaklqana
Kikubaaqudgha
Makhleb
Nemelex Xobeh
Okawaru
Qazlal
Ru
Sif Muna
Trog
Uskayaw
Vehumet
Wu Jian
Xom
Yredelemnul
Jiyva
Lugonu


Innate Abilities, Weirdness & Mutations

You have very sharp fingernails.
You are partially covered in large bone plates. (SH +4)
You may rarely emit foul miasma when damaged in melee.
You are powered by pain.
You occasionally lose the ability to drink potions when taking damage.


Message History

* * * LOW HITPOINT WARNING * * *
You feel more protected from physical attacks.
You block the iron golem's attack.
GONNNNG!
The iron golem hits you!
* * * LOW HITPOINT WARNING * * *
The iron golem hits you.
* * * LOW HITPOINT WARNING * * *
You block the iron golem's attack.
BONNNG!
You block the iron golem's attack.
PANG!
The iron golem hits you.
* * * LOW HITPOINT WARNING * * *
Unknown command.
Okay, then.
As you read the scroll of fear, it crumbles to dust.
You assume a fearsome visage.
The iron golem is unaffected.
The iron giant resists with some effort. x2
The iron golem is unaffected.
The quicksilver elemental is unaffected. x2
The iron golem is unaffected. x5; The crystal echidna is unaffected.
Visions of slaying the iron giant flood into your mind.
You block the quicksilver elemental's attack.
GONNNNG!
The crystal echidna throws crystal bolt at you.
The crystal bolt burns you! You resist.
* * * LOW HITPOINT WARNING * * *
The crystal bolt burns the iron golem.
The iron golem completely resists.
The crystal bolt burns the iron golem.
The iron golem completely resists.
The iron giant points at you and mumbles some strange words.
The iron shot is repelled.
The iron shot hits the iron golem!!
You block the quicksilver elemental's attack.
GONNNNG!
The iron giant is engulfed in blazing flames.
You block the iron giant's attack.
PTOANNNG!
The iron golem misses you. The iron golem hits you!!
You feel threatened and lose the ability to drink potions!
You die...

▓.....[
......)...).≈..
▓..)[=|
....!........./.
▓...[..
....|.†.........
▓......
..........).....
▓....).
................
▓.....)
.....○.9E.......
▓....†.
.....°CC99....≈.
▓......
.....99@r§.≈≈...
▓......
...≈.☼E99.......
▓......
...▓..°§.....▓..
▓...▓.. .
▓▓.......▓▓
▓≈.▓▓▓.
..▓.........▓..
▓...▓..
........≈......
......
.......©.......
......
▓▓▓▓▓▓▓▓▓▓▓▓▓▓▓
▓▓▓▓▓▓▓ ▓.....:


You could see 7 iron golems, 2 iron giants, 2 quicksilver elementals and a
crystal echidna.

Vanquished Creatures
  A pandemonium lord (D)
  3 ancient liches (D)
  4 caustic shrikes (D)
  A bone dragon (D)
  3 iron giants (D)
  4 Hell Sentinels (D)
  3 liches (D)
  2 searing wretches (D)
  A tentacled starspawn (D)
  A shadow dragon (D)
  2 rockslimes (D)
  An azure jelly (D)
  6 fire giants (D)
  3 narguns (D)
  An iron dragon (D)
  A balrug (D)
  4 ghouls (D)
  A war gargoyle (D)
  2 very ugly things (D)
  3 vampire knights (D)
  5 mummy priests (D)
  A great orb of eyes (D)
  A salamander tyrant (D)
  A stoker (D)
  An anaconda (shapeshifter) (D)
  An alligator (shapeshifter) (D)
  4 vampire magi (D)
  2 thrashing horrors (D)
  A death scarab (D)
  8 hell hogs (D)
  A deep elf knight (D)
  4 crystal echidnas (D)
  A soul eater (D)
  A wretched star (D)
  7 skeletal warriors (D)
  A skyshark (shapeshifter) (D)
  A sea snake (shapeshifter) (D)
  A deep troll (shapeshifter) (D)
  A steelbarb worm (shapeshifter) (D)
  A harpy (shapeshifter) (D)
  2 necromancers (D)
  2 starcursed masses (D)
  A cyclops (shapeshifter) (D)
  An ugly thing (D)
  A wolf spider (D)
  A manticore (shapeshifter) (D)
  A moth of wrath (shapeshifter) (D)
  A rust devil (D)
  An elephant (shapeshifter) (D)
  2 hellions (D)
  2 guardian mummies (D)
  An ice devil (D)
  5 tormentors (D)
  A freezing wraith (D)
  2 ancient zymes (D)
  A large abomination (D)
  6 slime creatures (D)
  A jumping spider (shapeshifter) (D)
  7 shadows (D)
  2 vampires (D)
  A ynoxinul (D)
  2 flying skulls (D)
  A spriggan (shapeshifter) (D)
  A hog (shapeshifter) (D)
  A water elemental (D)
  An ushabti (D)
  2 golden eyes (D)
  A neqoxec (D)
  2 redbacks (D)
  3 water moccasins (D)
  6 small abominations (D)
  2 bullfrogs (D)
  4 scorpions (D)
  6 necrophages (D)
  5 wights (D)
  3 crimson imps (D)
  3 jellies (D)
  An iron imp (D)
  An iguana (D)
  An orc wizard (D)
  5 mummies (D)
  An adder (D)
  A shadow imp (D)
  3 white imps (D)
  2 ufetubi (D)
  A spectral adder (D)
  3 adder skeletons (D)
  2 adder zombies (D)
  4 adder simulacra (D)
  2 orcs (D)
  A spectral bat (D)
  6 bat skeletons (D)
  A bat zombie (D)
  2 endoplasms (D)
  A jackal (D)
  3 ball pythons (D)
  A ball python simulacrum (D)
  3 ball python skeletons (D)
  A ball python zombie (D)
  3 bat simulacra (D)
  2 jackal zombies (D)
  A quokka skeleton (D)
  2 quokka zombies (D)
  A spectral jackal (D)
  2 lurking horrors (D)
233 creatures vanquished.

Vanquished Creatures (collateral kills)
  A pandemonium lord (D)
  A royal mummy (D)
  A Hell Sentinel (D)
  A searing wretch (D)
  An acid blob (D)
  A rockslime (D)
  A very ugly thing (D)
  A great orb of eyes (D)
  A dancing weapon (D)
  A soul eater (D)
  A glowing orange brain (D)
  A deep elf archer (D)
  2 deep elf pyromancers (D)
  A deep elf zephyrmancer (D)
  A mana viper (shapeshifter) (D)
  An ugly thing (D)
  A shining eye (D)
  3 slime creatures (D)
  2 komodo dragons (D)
  A flying skull (D)
  A starcursed mass (D)
  A redback (D)
  A scorpion (D)
  An orc priest (D)
  An iguana (D)
  An adder zombie (D)
  A quokka skeleton (D)
  A quokka zombie (D)
32 creatures vanquished.

Grand Total: 265 creatures vanquished

Notes
Turn   | Place    | Note
-------+----------+-------------------------------------------
     0 | D        | HallandMoats the Demonspawn Monk began the quest for the
                  | Orb.
     0 | D        | Reached XP level 1. HP: 18/18 MP: 1/1
     5 | D        | Found a shimmering blue altar of Sif Muna.
     5 | D        | Found a sacrificial altar of Ru.
     5 | D        | Found a bloodstained altar of Trog.
     5 | D        | Found a stormy altar of Qazlal.
     5 | D        | Found an iron altar of Okawaru.
     5 | D        | Found a sparkling altar of Nemelex Xobeh.
     5 | D        | Found a blossoming altar of Fedhas.
     5 | D        | Found the +6 Majin-Bo {spellvamp, MP+6 Int+6}
     5 | D        | Found the +27 heavy crossbow "Sniper" {heavy, Acc+∞ SInv}
     5 | D        | Found the +10 dark maul {heavy}
     5 | D        | Found the +15 Maxwell's patent armour {-Cast -Tele rElec
                  | Will+ rCorr}
     5 | D        | Found the +18 shield of the Gong {Loud rN+ Will+ rCorr
                  | EV-5}
     5 | D        | Found the +16 obsidian axe {drain, demonic, Mesm Drain Fly
                  | SInv}
     5 | D        | Found the +7 great mace "Firestarter" {flame, immolate,
                  | rFlCloud rF++}
     5 | D        | Found the +6 shillelagh "Devastator" {shatter}
     5 | D        | Found the +11 plutonium sword {Contam Stlth-}
     5 | D        | Found the +8 lance "Wyrmbane" {slay drac, rPois rF+ rC+
                  | AC+3}
     5 | D        | Found the +9 sword of Zonguldrok {reap}
     5 | D        | Found the +13 scythe of Curses {drain, curses, Drain}
     5 | D        | Found the +9 sword of Power {lifebolt}
     5 | D        | Found the +7 mace of Variability {chaos, chaos arc}
     5 | D        | Found the +11 Singing Sword {sonic wave}
     5 | D        | Found the +8 storm bow {elec, penet}
     7 | D        | Found a transporter.
     7 | D        | Found an ancient bone altar of Kikubaaqudgha.
     7 | D        | Found a viscous altar of Jiyva.
     7 | D        | Found a corrupted altar of Lugonu.
     7 | D        | Found a hazy altar of Hepliaklqana.
     7 | D        | Found a burning altar of Makhleb.
     7 | D        | Found an opulent altar of Gozag.
    23 | D        | Became a worshipper of Qazlal Stormbringer
    23 | D        | Reached * piety under Qazlal
    23 | D        | Reached ** piety under Qazlal
    30 | D        | Reached skill level 6 in Fighting
    30 | D        | Reached skill level 5 in Invocations
    30 | D        | Gained mutation: You have sharp fingernails. [demonic
                  | ancestry]
    30 | D        | Reached XP level 2. HP: 29/29 MP: 1/5
    78 | D        | Entered arena 2.
    78 | D        | Noticed a golden eye
    78 | D        | Found a transporter.
    84 | D        | Killed a golden eye
    85 | D        | Reached skill level 8 in Fighting
    85 | D        | Reached XP level 3. HP: 37/37 MP: 5/7
    85 | D        | Gained mutation: You have very sharp fingernails. [demonic
                  | ancestry]
    85 | D        | Reached XP level 4. HP: 44/44 MP: 5/8
    85 | D        | Reached XP level 5. HP: 49/49 MP: 5/9
   125 | D        | Entered arena 3.
   125 | D        | Found the ring of the Mage {Wiz Archmagi}
   125 | D        | Found the +5 scythe "Finisher" {speed, execute}
   125 | D        | Found a transporter.
   130 | D        | Reached *** piety under Qazlal
   131 | D        | Reached skill level 5 in Axes
   141 | D        | Entered arena 4.
   141 | D        | Found a transporter.
   146 | D        | Reached **** piety under Qazlal
   147 | D        | Reached skill level 9 in Fighting
   147 | D        | Gained mutation: You sometimes gain a little power by
                  | taking damage. [demonic ancestry]
   147 | D        | Reached XP level 6. HP: 58/58 MP: 11/11
   155 | D        | Entered arena 5.
   155 | D        | Found a transporter.
   160 | D        | Reached ***** piety under Qazlal
   164 | D        | Got the ring "Piymper" {rPois rN+ EV+5 Int+3 Dex-5}
   173 | D        | Entered arena 6.
   173 | D        | Noticed a water moccasin
   173 | D        | Found a transporter.
   181 | D        | Killed a water moccasin
   182 | D        | Reached skill level 5 in Dodging
   182 | D        | Reached XP level 7. HP: 64/64 MP: 11/13
   197 | D        | Entered arena 7.
   197 | D        | Found the +1 robe of Vines {NoPotionHeal Regen++++}
   197 | D        | Noticed a mummy priest
   197 | D        | Noticed a mummy priest
   197 | D        | Noticed a mummy priest
   198 | D        | Found a transporter.
   203 | D        | Noticed a shadow wraith
   203 | D        | Noticed a wraith
   205 | D        | Killed a mummy priest
   206 | D        | Reached skill level 10 in Fighting
   206 | D        | Reached skill level 5 in Armour
   206 | D        | Reached skill level 5 in Shields
   206 | D        | Gained mutation: You are partially covered in large bone
                  | plates. (SH +4) [demonic ancestry]
   206 | D        | Reached XP level 8. HP: 63/74 MP: 13/15
   208 | D        | Noticed a phantasmal warrior
   208 | D        | Noticed a flayed ghost
   208 | D        | Killed a mummy priest
   208 | D        | Reached ****** piety under Qazlal
   208 | D        | Killed a mummy priest
   209 | D        | Reached skill level 12 in Fighting
   209 | D        | Reached skill level 10 in Invocations
   209 | D        | Reached XP level 9. HP: 71/82 MP: 13/17
   235 | D        | Entered arena 8.
   235 | D        | Noticed a komodo dragon
   235 | D        | Noticed a komodo dragon
   236 | D        | Found a transporter.
   240 | D        | Killed a komodo dragon
   241 | D        | Reached skill level 10 in Axes
   241 | D        | Killed a komodo dragon
   251 | D        | Entered arena 9.
   251 | D        | Noticed a deep elf archer
   251 | D        | Noticed a +1 scimitar of protection
   251 | D        | Noticed a deep elf zephyrmancer
   251 | D        | Noticed a deep elf knight
   251 | D        | Noticed a deep elf pyromancer
   251 | D        | Noticed a deep elf pyromancer
   252 | D        | Found a transporter.
   254 | D        | Killed a deep elf zephyrmancer
   255 | D        | Reached skill level 13 in Fighting
   255 | D        | Killed a deep elf pyromancer
   256 | D        | Reached XP level 10. HP: 81/92 MP: 18/18
   256 | D        | Killed a +1 scimitar of protection
   257 | D        | Killed a deep elf archer
   257 | D        | Killed a deep elf pyromancer
   259 | D        | Killed a deep elf knight
   260 | D        | Reached skill level 14 in Fighting
   269 | D        | Entered arena 10.
   269 | D        | Noticed Weppu the pandemonium lord
   270 | D        | Found a transporter.
   291 | D        | Killed Weppu the pandemonium lord
   292 | D        | Reached skill level 15 in Fighting
   292 | D        | Reached skill level 10 in Dodging
   292 | D        | Reached XP level 11. HP: 55/104 MP: 19/21
   426 | D        | Entered arena 11.
   426 | D        | Noticed a wolf spider
   427 | D        | Found a transporter.
   432 | D        | Killed a wolf spider
   444 | D        | Entered arena 12.
   444 | D        | Noticed a soul eater
   444 | D        | Noticed a shadow dragon
   445 | D        | Noticed a soul eater
   451 | D        | Found a transporter.
   457 | D        | Killed a soul eater
   458 | D        | Reached skill level 16 in Fighting
   461 | D        | Killed a soul eater
   462 | D        | Killed a shadow dragon
   463 | D        | Reached skill level 10 in Armour
   478 | D        | Got the ring "Qoyph" {Fire rN+ Str+4 Dex+4}
   481 | D        | Entered arena 13.
   481 | D        | Noticed a stoker
   481 | D        | Noticed a fire giant
   481 | D        | Noticed a hell hog
   481 | D        | Noticed a searing wretch
   481 | D        | Noticed a fire giant
   481 | D        | Noticed a fire giant
   481 | D        | Noticed a fire giant
   482 | D        | Noticed a hell hog
   482 | D        | Noticed a fire giant
   483 | D        | Killed a fire giant
   483 | D        | Killed a fire giant
   483 | D        | Killed a fire giant
   483 | D        | Killed a stoker
   483 | D        | Killed a hell hog
   483 | D        | Killed a hell hog
   483 | D        | Killed a fire giant
   484 | D        | Reached skill level 10 in Shields
   484 | D        | Reached skill level 15 in Invocations
   484 | D        | Reached XP level 12. HP: 40/113 MP: 13/23
   486 | D        | Found a transporter.
   490 | D        | Killed a searing wretch
   491 | D        | Reached skill level 17 in Fighting
   492 | D        | Killed a fire giant
   501 | D        | Got the amulet of Kidi Duet {Spirit Will+ Slay+5}
   779 | D        | Entered arena 14.
   779 | D        | Noticed a hell hog
   779 | D        | Noticed a hell hog
   779 | D        | Noticed a hell hog
   780 | D        | Noticed a hell hog
   780 | D        | Noticed a hell hog
   780 | D        | Noticed a searing wretch
   780 | D        | Noticed a fire giant
   780 | D        | Noticed a salamander tyrant
   780 | D        | Noticed a hell hog
   780 | D        | Noticed a balrug
   781 | D        | Killed a hell hog
   781 | D        | Killed a hell hog
   781 | D        | Killed a hell hog
   781 | D        | Killed a hell hog
   781 | D        | Killed a hell hog
   781 | D        | Killed a balrug
   781 | D        | Killed a hell hog
   782 | D        | Reached skill level 15 in Axes
   782 | D        | Killed a salamander tyrant
   782 | D        | Killed a fire giant
   783 | D        | Reached skill level 18 in Fighting
   783 | D        | Noticed a searing wretch
   784 | D        | Found a transporter.
   786 | D        | Killed a searing wretch
   787 | D        | Reached XP level 13. HP: 115/122 MP: 8/25
   796 | D        | Killed a searing wretch
   826 | D        | Got the ring of Moippe {rElec rN+ Str+7 Int+6 Stlth-}
   893 | D        | Entered arena 15.
   893 | D        | Noticed a nargun
   894 | D        | Noticed a nargun
   894 | D        | Found the +2 Maxwell's thermic engine {flame, freeze, rev}
   894 | D        | Noticed a nargun
   896 | D        | Killed a nargun
   897 | D        | Killed a nargun
   899 | D        | Found a transporter.
   902 | D        | Killed a nargun
   916 | D        | Got Moedyfei's Enchiridion on Viridian Frost
   921 | D        | Got the ring "Abapril" {rElec rPois rC- rN+ rCorr}
  1022 | D        | Entered arena 16.
  1023 | D        | Identified the +0 robe "Pucwemid" {-Tele Will+ Regen+}
  1023 | D        | Identified the +7 lajatang "Ihyiwadosk" {heavy, Contam rN+
                  | Str+3 Int+3}
  1026 | D        | Reached skill level 19 in Fighting
  1032 | D        | Found a transporter.
  1041 | D        | Got Sif Muna's Directory of Warped Thunder
  1059 | D        | Entered arena 17.
  1061 | D        | Noticed a mummy priest
  1062 | D        | Identified the +3 dagger "Ligen" {flame, rN+ rCorr Dex+3}
  1062 | D        | Noticed a mummy priest
  1062 | D        | Noticed a royal mummy
  1064 | D        | Killed a mummy priest
  1067 | D        | Killed a mummy priest
  1072 | D        | Killed a royal mummy
  1228 | D        | Found a transporter.
  1247 | D        | Entered arena 18.
  1249 | D        | Noticed a ghoul
  1250 | D        | Noticed a ghoul
  1250 | D        | Noticed a lich
  1250 | D        | Found the +10 Black Knight's barding {ponderous, rPois rN+}
  1253 | D        | Killed a lich
  1254 | D        | Reached skill level 20 in Fighting
  1256 | D        | Killed a ghoul
  1259 | D        | Killed a ghoul
  1260 | D        | Gained mutation: You sometimes gain power by taking damage.
                  | [demonic ancestry]
  1260 | D        | Reached XP level 14. HP: 123/135 MP: 9/27
  1260 | D        | Found a transporter.
  1271 | D        | Got the ring of Kudogi {+Blink rElec Will++ MP+9 Str+6}
  1301 | D        | Acquired the +3 pair of seven-league boots {Rampage+∞}
  1301 | D        | Found the +3 pair of seven-league boots {Rampage+∞}
  1348 | D        | Entered arena 19.
  1350 | D        | Noticed a cyan very ugly thing
  1350 | D        | Noticed a brown very ugly thing
  1350 | D        | Noticed a green very ugly thing
  1351 | D        | Found a transporter.
  1351 | D        | Found the crystal ball of Wucad Mu {*channel}
  1353 | D        | Killed a green very ugly thing
  1354 | D        | Killed a brown very ugly thing
  1356 | D        | Killed a purple very ugly thing
  1358 | D        | Reached skill level 21 in Fighting
  1367 | D        | Got the amulet "Haugi" {Faith Will+ rCorr Int+3}
  1378 | D        | Got the amulet "Naisehit" {Spirit +Inv rN+ Dex+3}
  1399 | D        | Entered arena 20.
  1403 | D        | Noticed a rockslime
  1404 | D        | Found a transporter.
  1404 | D        | Noticed a rockslime
  1404 | D        | Noticed an azure jelly
  1404 | D        | Noticed an acid blob
  1404 | D        | Noticed a rockslime
  1404 | D        | Found the +4 consecrated labrys {holy, Valiant Fragile Fly
                  | SInv}
  1404 | D        | Found the ring of the Tortoise {AC+8}
  1405 | D        | Gained mutation: You occasionally lose the ability to drink
                  | potions when taking damage. [a shining eye]
  1407 | D        | Killed an azure jelly
  1408 | D        | Killed a rockslime
  1408 | D        | Killed a rockslime
  1408 | D        | Killed a rockslime
  1411 | D        | Killed an acid blob
  1517 | D        | Entered arena 21.
  1520 | D        | Noticed a vampire knight
  1521 | D        | Noticed a lich
  1521 | D        | Noticed a ghoul
  1521 | D        | Noticed a ghoul
  1521 | D        | Noticed a lich
  1521 | D        | Noticed an ancient lich
  1521 | D        | Noticed a vampire knight
  1522 | D        | Identified the +11 dagger of the Dripping Badger {vamp,
                  | *Noise Will++ Str+3 Dex-4}
  1522 | D        | Noticed a vampire knight
  1522 | D        | Killed a lich
  1522 | D        | Killed a vampire knight
  1523 | D        | Reached skill level 22 in Fighting
  1523 | D        | Killed a ghoul
  1523 | D        | Killed a lich
  1523 | D        | Killed a vampire knight
  1523 | D        | Noticed an ancient lich
  1524 | D        | Reached skill level 15 in Dodging
  1524 | D        | Found the +8 autumn katana {manifold assault}
  1525 | D        | Found a transporter.
  1529 | D        | Killed a ghoul
  1530 | D        | Killed a vampire knight
  1537 | D        | Killed an ancient lich
  1538 | D        | Reached skill level 15 in Armour
  1538 | D        | Gained mutation: You are powered by pain. [demonic
                  | ancestry]
  1538 | D        | Reached XP level 15. HP: 135/148 MP: 10/29
  1542 | D        | Killed an ancient lich
  1543 | D        | Reached skill level 23 in Fighting
  1551 | D        | Got the Notes on Concussion
  1741 | D        | Entered arena 22.
  1744 | D        | Noticed Reriudie the pandemonium lord
  1745 | D        | Found a transporter.
  1745 | D        | Noticed a bone dragon
  1745 | D        | Noticed a tentacled starspawn
  1746 | D        | Killed a tentacled starspawn
  1755 | D        | Killed a bone dragon
  1756 | D        | Reached skill level 15 in Shields
  1765 | D        | Killed Reriudie the pandemonium lord
  1770 | D        | Got the Thoughts on Charmed Hypothermia
  1790 | D        | Got the Volume of the Charmed Familiar
  1794 | D        | Got the ring "Yriajum" {Ice rCorr Str+3 Int+3}
  1804 | D        | Got the staff "Annom" {rF+ rC+ Str+5 Ice}
  1809 | D        | Entered arena 23.
  1813 | D        | Noticed a caustic shrike
  1813 | D        | Noticed a caustic shrike
  1814 | D        | Noticed an iron dragon
  1814 | D        | Noticed an iron giant
  1814 | D        | Noticed an iron giant
  1814 | D        | Noticed a caustic shrike
  1815 | D        | Noticed a caustic shrike
  1815 | D        | Noticed a Hell Sentinel
  1815 | D        | Noticed a Hell Sentinel
  1815 | D        | Noticed a Hell Sentinel
  1816 | D        | Noticed a Hell Sentinel
  1816 | D        | Noticed a Hell Sentinel
  1816 | D        | Killed an iron dragon
  1816 | D        | Noticed a quicksilver elemental
  1817 | D        | Noticed an ancient lich
  1817 | D        | Killed a Hell Sentinel
  1817 | D        | Killed a caustic shrike
  1817 | D        | Killed an iron giant
  1817 | D        | Killed an iron giant
  1818 | D        | Reached skill level 24 in Fighting
  1818 | D        | Killed an ancient lich
  1820 | D        | Killed a Hell Sentinel
  1820 | D        | Noticed an iron giant
  1821 | D        | Noticed an iron giant
  1822 | D        | Killed a Hell Sentinel
  1822 | D        | Killed a caustic shrike
  1824 | D        | Killed a Hell Sentinel
  1824 | D        | Killed a caustic shrike
  1825 | D        | Reached skill level 25 in Fighting
  1825 | D        | Gained mutation: You may rarely emit foul miasma when
                  | damaged in melee. [demonic ancestry]
  1825 | D        | Reached XP level 16. HP: 129/162 MP: 11/31
  1825 | D        | Noticed an iron giant
  1825 | D        | Killed a caustic shrike
  1829 | D        | Killed a Hell Sentinel
  1831 | D        | Killed an iron giant
  1839 | D        | HP: 1/163 [crystal echidna/crystal bolt (9)]
  1839 | D        | Annihilated by an iron golem

Illustrated notes

Levels and vault maps discovered:
D:        sprint_v [room_start, room_1, room_2, room_3, room_4, room_5, room_6,
          room_7, room_8, room_9, room_10, room_11, room_12, room_13, room_14,
          room_15, room_16, room_17, room_18, room_19, room_20, room_21,
          room_22, room_23, room_24, room_25, room_26, room_27]

Skill      XL: |  1  2  3  4  5  6  7  8  9 10 11 12 13 14 15 16 |
---------------+-------------------------------------------------+-----
Fighting       | 6 8 9 10 12 13 15 16 18 20 22 25 | 25.4
Invocations    | 5 6 7 8 9 10 11 13 15 16 18 20 22 23 | 23.0
Axes           | 4 6 8 9 10 13 14 16 18 20 22 23 | 23.0
Armour         | 2 3 4 5 6 7 9 10 11 13 15 16 17 | 17.1
Dodging        | 3 4 5 6 7 8 10 12 13 15 17 | 17.3
Shields        | 2 3 4 5 6 7 9 10 11 12 14 16 | 16.4

Action                     |  1- 3 |  4- 6 |  7- 9 | 10-12 | 13-15 | 16-18 || total
---------------------------+-------+-------+-------+-------+-------+-------++-------
  Melee: Broad axe         |     3 |    16 |    14 |    40 |    73 |     9 ||   155
 Invoke: Disaster Area     |       |       |       |     4 |    20 |       ||    24
         Elemental Force   |       |       |       |     1 |     3 |       ||     4
  Evoke: Phantom mirror    |       |       |       |     1 |       |       ||     1
    Use: Potion            |     1 |       |     1 |    10 |    12 |     5 ||    29
         Scroll            |       |       |     4 |       |     1 |     1 ||     6
   Stab: Distracted        |       |       |       |       |     3 |     1 ||     4
         Paralysed         |       |       |       |       |     2 |     1 ||     3
 Armour: Gold dragon scale |       |     4 |     2 |    11 |    28 |    13 ||    58
  Dodge: Dodged            |       |     3 |       |       |    10 |    10 ||    23
         Repelled          |       |       |       |       |       |     1 ||     1
  Block: Kite shield       |     1 |    30 |    17 |    71 |   139 |    49 ||   307
         Reflection        |       |       |     2 |     1 |       |       ||     3

Table legend: (Time is in decaauts)
 A = Elapsed time spent in this place.
 B = Non-inter-level travel time spent in this place.
 C = Inter-level travel time spent in this place.
 D = Time resting spent in this place.
 E = Time spent auto-exploring this place.
 F = Levels seen in this place.
 G = Mean time per level.
                   A        B        C        D        E       F      G
               +--------+--------+--------+--------+--------+-----+--------+
         Total |   1787 |   1787 |      0 |    998 |      0 |   1 | 1787.0 |
       Dungeon |   1787 |   1787 |      0 |    998 |      0 |   1 | 1787.0 |
               +--------+--------+--------+--------+--------+-----+--------+

Top non-repeatable levels by time:
       D: 1787 daAuts
